 Dungeon Sprint DCSS version 0.23.2-30-g0e89c35649 (webtiles) character file.

Game seed: 7496382652658479654

6134 Kobolds4U the Warrior (level 10, -10/107 HPs)
             Began as a Minotaur Fighter on June 10, 2019.
             Was a High Priest of Okawaru.
             Mangled by a deep troll (14 damage)
             ... in the Dungeon (Sprint I: "Red Sonja").
             The game lasted 00:05:27 (1667 turns).

Kobolds4U the Warrior (Minotaur Fighter)            Turns: 1667, Time: 00:05:28

Health: -10/107    AC:  9    Str: 21    XL:     10   Next: 59%
Magic:  16/16      EV: 13    Int:  5    God:    Okawaru [*****.]
Gold:   328        SH: 10    Dex: 15    Spells: 9/9 levels left

rFire    . . .     SeeInvis .   a - +0 long sword
rCold    . . .     Gourm    .   c - +0 shield
rNeg     . . .     Faith    .   b - +0 scale mail
rPois    .         Spirit   .   (helmet restricted)
rElec    .         Reflect  .   (no cloak)
rCorr    .         Harm     .   (no gloves)
MR       .....     NoTele   +   (no boots)
Stlth    ..........             (no amulet)
HPRegen  0.27/turn              (no ring)
MPRegen  0.15/turn              (no ring)

@: no status effects
A: retaliatory headbutt, hooves 1, horns 2, thin skeletal structure 1, wild
magic 1
a: Heroism, Finesse, Renounce Religion


You were in the Dungeon.
You worshipped Okawaru.
Okawaru was extremely pleased with you.
You were hungry.

You visited 1 branch You collected 614 gold pieces.
You spent 286 gold pieces at shops.

Inventory:

Hand Weapons
 a - a +0 long sword (weapon)
 n - a +0 hand crossbow of freezing
Armour
 b - a +0 scale mail (worn)
 c - a +0 shield (worn)
Wands
 l - a wand of digging (5)
Scrolls
 d - a scroll of fog {unknown}
 k - a scroll of blinking
 o - a scroll of random uselessness {unknown}
 p - a scroll of remove curse {unknown}
Potions
 e - 2 potions of curing
 g - 2 potions of heal wounds
 h - a potion of haste
 i - 2 potions of magic
 j - a potion of berserk rage
Comestibles
 f - 2 rations
 m - 3 chunks of flesh


   Skills:
 + Level 15.8 Fighting
 - Level 15.1 Long Blades
 - Level 14.0 Armour
 * Level 8.1 Dodging
 - Level 3.6 Shields
 - Level 10.4 Invocations


You had 9 spell levels left.
You didn't know any spells.
Your spell library was empty.

Dungeon Overview and Level Annotations

Branches:
Dungeon (1/1)

Altars:
Cheibriados
Dithmenos
Elyvilon
Fedhas
Gozag
Hepliaklqana
Kikubaaqudgha
Makhleb
Nemelex Xobeh
Okawaru
Qazlal
Ru
Sif Muna
Trog
Uskayaw
Vehumet
Wu Jian
Xom
Yredelemnul
Zin
The Shining One
Jiyva
Lugonu

Shops:
D !


Innate Abilities, Weirdness & Mutations

You reflexively headbutt those who attack you in melee.
You have a pair of horns on your head.
You have large cloven feet.
You have a somewhat thin skeletal structure. (Dex +2, Stealth)
Your spells are a little harder to cast, but a little more powerful.


Message History

* * * LOW HITPOINT WARNING * * *
You block the deep troll's attack. The deep troll claws you.
* * * LOW HITPOINT WARNING * * *
You feel much better. The deep troll barely misses you.
You furiously retaliate!
You headbutt the deep troll.
The deep troll claws you but does no damage. x2
You closely miss the deep troll. You kick the deep troll.
The deep troll is severely wounded.
You hit the deep troll but do no damage.
The deep troll is severely wounded.
The deep troll bites you!
* * * LOW HITPOINT WARNING * * *
You block the deep troll's attack. The deep troll claws you!
* * * LOW HITPOINT WARNING * * *
You closely miss the deep troll. You headbutt the deep troll.
The deep troll is almost dead.
The deep troll bites you!
* * * LOW HITPOINT WARNING * * *
The deep troll completely misses you. The deep troll claws you!
You die...

<.#..)..#..'(.#__#..')..#§.#§§§.÷
..'[.#..').#..'..'..#)..##§#§####
..#####'#####'#__####...)§§#.# #
..####..#...#)####§§#####§§'.#
..#__####..##§#≈§§§§#§§##+####
..#_____##'#_.§(§§§.+.§#...
⌠⌠#_.∩...'..._#§§§§.#$§#^^^^
###_..__##_.#'##+#####+###.°.
#_____###+#.#/@$$# .☼○# #######
####T### °^## $.$ ○○# #####


You could see a deep troll.

Vanquished Creatures
  2 centaur warriors (D)
  A lindwurm (D)
  A gargoyle (D)
  2 kobold demonologists (D)
  4 demonic crawlers (D)
  A hornet (D)
  A slime creature (D)
  Sigmund (D)
  A yak (D)
  13 hogs (D)
  A floating eye (D)
  An ogre (D)
  A jelly (D)
  Ijyb (D)
31 creatures vanquished.

Vanquished Creatures (others)
  A gargoyle (D)
1 creature vanquished.

Grand Total: 32 creatures vanquished

Notes
Turn   | Place    | Note
-------+----------+-------------------------------------------
     0 | D        | Kobolds4U the Minotaur Fighter began the quest for the Orb.
     0 | D        | Reached XP level 1. HP: 19/19 MP: 0/0
     1 | D        | Noticed Ijyb
     7 | D        | Killed Ijyb
     7 | D        | Reached skill level 5 in Fighting
     7 | D        | Reached skill level 5 in Armour
     7 | D        | Reached XP level 2. HP: 28/29 MP: 1/1
    13 | D        | Noticed an ogre
    16 | D        | Killed an ogre
    16 | D        | Reached XP level 3. HP: 39/39 MP: 2/2
    16 | D        | Reached XP level 4. HP: 47/47 MP: 3/3
    20 | D        | Noticed Sigmund
    25 | D        | Killed Sigmund
    25 | D        | Reached XP level 5. HP: 45/57 MP: 4/4
    34 | D        | Found an ornate altar of the Wu Jian Council.
    34 | D        | Found a deep blue altar of Sif Muna.
    36 | D        | Found a radiant altar of Vehumet.
    38 | D        | Reached XP level 6. HP: 51/64 MP: 5/5
    42 | D        | Found Ihuufel's Distillery.
    42 | D        | Found an ancient bone altar of Kikubaaqudgha.
    42 | D        | Found a hazy altar of Hepliaklqana.
    42 | D        | Found a stormy altar of Qazlal.
    42 | D        | Found a hide-covered altar of Uskayaw.
    42 | D        | Found a blossoming altar of Fedhas.
    42 | D        | Found a bloodstained altar of Trog.
    42 | D        | Found an iron altar of Okawaru.
    42 | D        | Found a basalt altar of Yredelemnul.
    42 | D        | Found a glowing golden altar of the Shining One.
    42 | D        | Found a snail-covered altar of Cheibriados.
    42 | D        | Found a sacrificial altar of Ru.
    42 | D        | Found a glowing silver altar of Zin.
    42 | D        | Found a shadowy altar of Dithmenos.
    42 | D        | Found a white marble altar of Elyvilon.
    42 | D        | Noticed a yak
    49 | D        | Killed a yak
    49 | D        | Reached skill level 10 in Fighting
    49 | D        | Reached skill level 10 in Long Blades
    49 | D        | Reached skill level 10 in Armour
    50 | D        | Found an opulent altar of Gozag.
   246 | D        | Found a sparkling altar of Nemelex Xobeh.
   250 | D        | Bought a potion of mutation for 88 gold pieces
   250 | D        | Bought a potion of berserk rage for 55 gold pieces
   250 | D        | Bought 2 potions of heal wounds for 110 gold pieces
   250 | D        | Bought a potion of curing for 33 gold pieces
   250 | D        | Gained mutation: You have a somewhat thin skeletal
                  | structure. (Dex +2, Stealth) [potion of mutation]
   250 | D        | Gained mutation: You have large cloven feet. [potion of
                  | mutation]
   250 | D        | Gained mutation: Your spells are a little harder to cast,
                  | but a little more powerful. [potion of mutation]
   252 | D        | Became a worshipper of Warmaster Okawaru
   264 | D        | Found a viscous altar of Jiyva.
   264 | D        | Found a corrupted altar of Lugonu.
   264 | D        | Noticed a slime creature
   265 | D        | Found a burning altar of Makhleb.
   265 | D        | Found a shimmering altar of Xom.
   269 | D        | Killed a slime creature
   269 | D        | Reached * piety under Okawaru
   269 | D        | Reached XP level 7. HP: 61/74 MP: 6/6
   338 | D        | Noticed a kobold demonologist
   338 | D        | Noticed a kobold demonologist
   344 | D        | Noticed a smoke demon
   345 | D        | Killed a kobold demonologist
   351 | D        | Killed a kobold demonologist
   351 | D        | Reached ** piety under Okawaru
   351 | D        | Reached XP level 8. HP: 76/83 MP: 7/7
   381 | D        | Noticed a demonic crawler
   381 | D        | Noticed a demonic crawler
   381 | D        | Noticed a demonic crawler
   381 | D        | Noticed a demonic crawler
   387 | D        | Killed a demonic crawler
   392 | D        | Killed a demonic crawler
   398 | D        | Killed a demonic crawler
   398 | D        | Reached *** piety under Okawaru
   401 | D        | Killed a demonic crawler
   401 | D        | Reached skill level 5 in Invocations
   401 | D        | Reached XP level 9. HP: 17/93 MP: 7/12
   720 | D        | Noticed a gargoyle
   739 | D        | Killed a gargoyle
  1019 | D        | Killed a gargoyle
  1025 | D        | Noticed a lindwurm
  1032 | D        | Killed a lindwurm
  1032 | D        | Reached **** piety under Okawaru
  1032 | D        | Reached skill level 15 in Long Blades
  1226 | D        | Reached XP level 10. HP: 65/104 MP: 15/15
  1232 | D        | Reached skill level 1 in Dodging
  1235 | D        | Reached ***** piety under Okawaru
  1235 | D        | Reached skill level 15 in Fighting
  1430 | D        | Noticed a centaur warrior
  1434 | D        | Noticed a centaur warrior
  1466 | D        | Killed a centaur warrior
  1466 | D        | Reached skill level 5 in Dodging
  1466 | D        | Reached skill level 10 in Invocations
  1488 | D        | Killed a centaur warrior
  1488 | D        | Received a gift from Okawaru
  1649 | D        | Noticed a deep troll
  1667 | D        | HP: 4/107 [deep troll (13)]
  1667 | D        | Mangled by a deep troll

Skill      XL: |  1  2  3  4  5  6  7  8  9 10 |
---------------+-------------------------------+-----
Fighting       | 5 7 9 11 12 13 14 15 | 15.8
Long Blades    | 4 6 8 9 11 13 14 15 | 15.1
Armour         | 5 7 9 11 12 13 14 | 14.0
Invocations    | 5 9 10 | 10.4
Dodging        | 8 |  8.1
Shields        | |  3.6

Action                   |  1- 3 |  4- 6 |  7- 9 | 10-12 || total
-------------------------+-------+-------+-------+-------++-------
Melee: Long sword        |     7 |    16 |    79 |    56 ||   158
       Headbutt          |     4 |     5 |    26 |    14 ||    49
       Kick              |       |     3 |    45 |    28 ||    76
  Use: Potion            |     1 |     1 |     1 |     1 ||     4
  Eat: Chunk             |       |       |     1 |     1 ||     2
Armor: Scale mail        |     3 |       |    23 |     9 ||    35
Dodge: Dodged            |     2 |     2 |    28 |    24 ||    56
Block: Shield            |     1 |     7 |    38 |    24 ||    70
       Rpst.: Long sword |       |     1 |     4 |     1 ||     6
